[Event "FIDE Women World-chT-KO 2021"]
[Site "Sitges"]
[Date "2021.09.30"]
[Round "1.1"]
[White "Goryachkina, Aleksandra"]
[Black "Cori T., Deysi"]
[Result "1-0"]
[ECO "D35"]
[WhiteElo "2608"]
[BlackElo "2382"]
[Annotator "ChessBase"]
[PlyCount "105"]
[EventDate "2021.09.30"]
[EventType "team-tourn"]
[EventCountry "ESP"]
[SourceTitle "playchess.com"]
[Source "ChessBase"]
[SourceQuality "1"]
[WhiteTeam "Russia"]
[BlackTeam "Peru"]
[WhiteTeamCountry "RUS"]
[BlackTeamCountry "PER"]
[TimeControl "2700+10"]

1. c4 e6 2. Nc3 d5 3. d4 Nf6 4. cxd5 exd5 5. Bg5 Be7 6. e3 h6 7. Bh4 O-O 8. Bd3 c5 9. dxc5 Nbd7 10. Nge2 Nxc5 11. O-O Be6 12. Rc1 Qb6 13. Rc2 Rfe8 14. Nd4 Nfe4 15. Bxe7 Rxe7 16. Nce2 Rc7 17. Nf4 Re8 18. Be2 a6 19. h3 Qd6 20. Bf3 Ng5 21. Bh5 Rec8 22. Qe2 Nd7 23.
Rxc7 Rxc7 24. Rd1 Nf6 25. Bf3 Qe5 26. Qd2 Rc4 27. b3 Rc8 28.
Rc1 Nxf3+ 29. Nxf3 Qb8 30. Nd4 Re8 31. Qa5 Rc8 32. Qa3 Bd7 33.
Qb2 Re8 34. Rc2 Qd6 35. Qc3 Rc8 36. Qd2 Re8 37. Qa5 g5 38.
Nfe2 Rc8 39. Rxc8+ Bxc8 40. Qc3 Bd7 41. Qc2 Ne4 42. Nc3 Nf6 43.
Nde2 Qe5 44. Qd2 Be6 45. f4 Qc7 46. Qd4 Qe7 47. Ng3 gxf4 48.
exf4 Bc8 49. Nxd5 Nxd5 50. Qxd5 Qe3+ 51. Kh2 Be6 52. Qd8+ Kh7 53. f5 1-0

[Event "FIDE Women World-chT-KO 2021"]
[Site "Sitges"]
[Date "2021.09.30"]
[Round "1.1"]
[White "Lagno, Kateryna"]
[Black "Ouellet, Maili-Jade"]
[Result "1-0"]
[ECO "B84"]
[WhiteElo "2550"]
[BlackElo "2254"]
[Annotator "ChessBase"]
[PlyCount "63"]
[EventDate "2021.09.30"]
[EventType "team-tourn"]
[EventCountry "ESP"]
[SourceTitle "playchess.com"]
[Source "ChessBase"]
[SourceQuality "1"]
[WhiteTeam "Russia"]
[BlackTeam "Canada"]
[WhiteTeamCountry "RUS"]
[BlackTeamCountry "CAN"]
[TimeControl "2700+10"]

1. e4 c5 2. Nf3 d6 3. d4 cxd4 4. Nxd4 Nf6 5. Nc3 a6 6. Be2 e6 7. Be3 Be7 8. Qd2 Qc7 9. O-O-O Nbd7 10. g4 Nc5 11. f3 b5 12. g5 Nfd7 13.
a3 Bb7 14. h4 Ne5 15. h5 Rc8 16. Kb1 Ncd7 17. g6 hxg6 18. hxg6 Nxg6 19. Rxh8+ Nxh8 20. f4 Nf6 21. Bd3 Ng6 22. e5 dxe5 23. Nxe6 fxe6 24. Bxg6+ Kf8 25. Qh2 Bd6 26. Qh8+ Ng8 27. Bh7 Qf7 28. Rxd6 exf4 29. Rd7 Qxd7 30. Qxg8+ Ke7 31. Qxg7+ Kd6 32. Bxf4+ 1-0

[Event "FIDE Women World-chT-KO 2021"]
[Site "Sitges"]
[Date "2021.09.30"]
[Round "1.1"]
[White "Muzychuk, Anna"]
[Black "Danielian, Elina"]
[Result "0-1"]
[ECO "C11"]
[WhiteElo "2534"]
[BlackElo "2450"]
[Annotator "ChessBase"]
[PlyCount "72"]
[EventDate "2021.09.30"]
[EventType "team-tourn"]
[EventCountry "ESP"]
[SourceTitle "playchess.com"]
[Source "ChessBase"]
[SourceQuality "1"]
[WhiteTeam "Ukraine"]
[BlackTeam "Armenia"]
[WhiteTeamCountry "UKR"]
[BlackTeamCountry "ARM"]
[TimeControl "2700+10"]

1. e4 e6 2. d4 d5 3. Nc3 Nf6 4. e5 Nfd7 5. f4 c5 6. Nf3 Nc6 7. Be3 a6 8. a3 cxd4 9. Nxd4 Bc5 10. Qd2 O-O 11. O-O-O Nxd4 12. Bxd4 b5 13. Bxc5 Nxc5 14. b4 Nd7 15. Ne2 Nb6 16. Nd4 Qc7 17. h4 Nc4 18. Bxc4 dxc4 19. Rh3 Bb7 20. h5 Rfd8 21. h6 g6 22. g4 Rd5 23. Qe1 g5 24. Rh5 gxf4 25. Qe4 f5 26. gxf5 Qxe5 27. Qxe5 Rxe5 28. Nxe6 f3 29. Rg5+ Kf7 30. Rg7+ Kf6 31. Rxb7 f2 32. Nf4 Re1 33. Nh5+ Kg5 34. Ng3 Rd8 35. Ne4+ Rxe4 36. Rg7+ Kf4 0-1

[Event "FIDE Women World-chT-KO 2021"]
[Site "Sitges"]
[Date "2021.09.30"]
[Round "1.1"]
[White "Dzagnidze, Nana"]
[Black "Mammadzada, Gunay"]
[Result "1-0"]
[ECO "A07"]
[WhiteElo "2525"]
[BlackElo "2459"]
[Annotator "ChessBase"]
[PlyCount "73"]
[EventDate "2021.09.30"]
[EventType "team-tourn"]
[EventCountry "ESP"]
[SourceTitle "playchess.com"]
[Source "ChessBase"]
[SourceQuality "1"]
[WhiteTeam "Georgia"]
[BlackTeam "Azerbaijan"]
[WhiteTeamCountry "GEO"]
[BlackTeamCountry "AZE"]
[TimeControl "2700+10"]

1. Nf3 d5 2. g3 c6 3. Bg2 Bg4 4. O-O Nf6 5. d4 e6 6. h3 Bf5 7. c4 Be7 8. Nc3 O-O 9. Ne5 Ne4 10. Qb3 Qb6 11. g4 Nxc3 12. Qxc3 Be4 13. c5 Qb5 14. f3 Bg6 15. e4 b6 16. a4 Qa6 17. b4 Rd8 18. Bd2 bxc5 19. bxc5 Nd7 20. Nxg6 hxg6 21. e5 f5 22. exf6 Bxf6 23. g5 Be7 24. f4 Rab8 25. Rfe1 Nf8 26. Bf1 Qc8 27. Rab1 Rxb1 28. Rxb1 Re8 29. Qd3 Qd7 30. Be2 Bd8 31. Qa6 Re7 32. Rb8 Rf7 33. Bg4 Kh7 34. Kg2 Kg8 35. Qc8 Bc7 36. Qxd7 Rxd7 37. Bxe6+ 1-0

[Event "FIDE Women World-chT-KO 2021"]
[Site "Sitges"]
[Date "2021.09.30"]
[Round "1.1"]
[White "Harika, Dronavalli"]
[Black "Abdumalik, Zhansaya"]
[Result "1/2-1/2"]
[ECO "C77"]
[WhiteElo "2511"]
[BlackElo "2502"]
[Annotator "ChessBase"]
[PlyCount "159"]
[EventDate "2021.09.30"]
[EventType "team-tourn"]
[EventCountry "ESP"]
[SourceTitle "playchess.com"]
[Source "ChessBase"]
[SourceQuality "1"]
[WhiteTeam "India"]
[BlackTeam "Kazakhstan"]
[WhiteTeamCountry "IND"]
[BlackTeamCountry "KAZ"]
[TimeControl "2700+10"]

1. e4 e5 2. Nf3 Nc6 3. Bb5 a6 4. Ba4 Nf6 5. d3 b5 6. Bb3 Be7 7. O-O d6 8. a4 Bb7 9. Nc3 Na5 10. Ba2 b4 11. Ne2 c5 12. Ng3 Bc8 13.
c3 Rb8 14. Bd2 bxc3 15. bxc3 O-O 16. h3 Qc7 17. Bg5 c4 18.
dxc4 h6 19. Bxf6 Bxf6 20. Nh2 Bg5 21. Nf5 Bxf5 22. exf5 Rb2 23. Nf3 Be7 24. Qd5 Qc5 25. Qxc5 dxc5 26. Nxe5 Rd8 27. Ng4 Rdd2 28. Rae1 Kf8 29. Bb1 Nxc4 30. Be4 h5 31. Ne3 Nxe3 32. Rxe3 c4 33. Bc6 Re2 34. Rxe2 Rxe2 35. Rb1 g6 36. fxg6 fxg6 37. Bd5 Ra2 38. Rb8+ Kg7 39. Rb7 Kf8 40. Bxc4 Rxa4 41. Bd3 g5 42. g3 h4 43. Kg2 a5 44. Ra7 Ra2 45. Ra8+ Kg7 46. Bc4 Rc2 47. gxh4 Rxc3 48. Be6 gxh4 49. Rxa5 Kf6 50. Bg4 Bc5 51. Ra6+ Kg5 52. Ra2 Bd4 53. Rd2 Be5 54. Rd8 Rc2 55. Kf3 Rc4 56. Rg8+ Kh6 57. Rf8 Bg7 58. Rf5 Kg6 59. Rd5 Rd4 60. Rb5 Bf6 61. Ke3 Ra4 62. Bf5+ Kh6 63. f4 Bd4+ 64. Kf3 Bf6 65. Rb7 Ra3+ 66. Ke2 Ra2+ 67. Kd3 Ra3+ 68. Ke2 Ra2+ 69. Ke3 Ra3+ 70. Bd3 Bg7 71. Rb6+ Kh5 72. Kd2 Ra2+ 73. Kd1 Ra1+ 74. Kd2 Ra2+ 75. Ke1 Bc3+ 76. Kf1 Rf2+ 77. Kxf2 Bd4+ 78. Kf3 Bxb6 79. Bb5 Kg6 80. Ke4 1/2-1/2

[Event "FIDE Women World-chT-KO 2021"]
[Site "Sitges"]
[Date "2021.09.30"]
[Round "1.1"]
[White "Saduakassova, Dinara"]
[Black "Vaishali R"]
[Result "1/2-1/2"]
[ECO "A48"]
[WhiteElo "2489"]
[BlackElo "2414"]
[Annotator "ChessBase"]
[PlyCount "77"]
[EventDate "2021.09.30"]
[EventType "team-tourn"]
[EventCountry "ESP"]
[SourceTitle "playchess.com"]
[Source "ChessBase"]
[SourceQuality "1"]
[WhiteTeam "Kazakhstan"]
[BlackTeam "India"]
[WhiteTeamCountry "KAZ"]
[BlackTeamCountry "IND"]
[TimeControl "2700+10"]

1. d4 Nf6 2. Nf3 g6 3. c4 Bg7 4. g3 c5 5. Bg2 cxd4 6. Nxd4 h5 7. Nf3 O-O 8. Nc3 Qc7 9. Qd3 Na6 10. Nb5 Qd8 11. Be3 d5 12. O-O Bf5 13.
Qa3 dxc4 14. Rac1 Qe8 15. Qa5 Be4 16. Rxc4 Bd5 17. Rcc1 Ng4 18. Bd4 e5 19. Bc3 Bc6 20. Na3 Rd8 21. Rfd1 Rxd1+ 22. Rxd1 Qc8 23. Nc2 b6 24. Qa3 Nc5 25. h3 Nxf2 26. Kxf2 Ne4+ 27. Ke1 Nxg3 28. Bxe5 Bxe5 29. Nxe5 Bxg2 30. Qxg3 Qxc2 31.
Qxg2 Qxb2 32. Qd5 Qc3+ 33. Kf2 Qxh3 34. Rg1 Qf5+ 35. Ke1 Qb1+ 36. Kf2 Qf5+ 37. Ke1 Qb1+ 38. Kf2 Qf5+ 39. Ke1 1/2-1/2

[Event "FIDE Women World-chT-KO 2021"]
[Site "Sitges"]
[Date "2021.09.30"]
[Round "1.1"]
[White "Arabidze, Meri"]
[Black "Fataliyeva, Ulviyya"]
[Result "1-0"]
[ECO "D30"]
[WhiteElo "2441"]
[BlackElo "2277"]
[Annotator "ChessBase"]
[PlyCount "153"]
[EventDate "2021.09.30"]
[EventType "team-tourn"]
[EventCountry "ESP"]
[SourceTitle "playchess.com"]
[Source "ChessBase"]
[SourceQuality "1"]
[WhiteTeam "Georgia"]
[BlackTeam "Azerbaijan"]
[WhiteTeamCountry "GEO"]
[BlackTeamCountry "AZE"]
[TimeControl "2700+10"]

1. d4 d5 2. c4 e6 3. Nf3 a6 4. Bg5 Be7 5. Bxe7 Nxe7 6. Nbd2 O-O 7. g3 dxc4 8. Nxc4 Qd5 9. Nce5 Nbc6 10. Nxc6 Nxc6 11. Bg2 Rd8 12. O-O Nxd4 13. Rc1 Nxf3+ 14. Bxf3 Qg5 15. Qb3 Qe7 16. Rfd1 Rd6 17. Qc3 Qd8 18. e4 e5 19. Qxe5 Be6 20. b3 a5 21. Qb5 Rxd1+ 22. Rxd1 Qc8 23. e5 c6 24. Qb6 h6 25. h4 Bg4 26. Bxg4 Qxg4 27. Rd8+ Rxd8 28. Qxd8+ Kh7 29. Qxa5 Qd1+ 30. Kg2 Qe2 31. Qb6 Qe4+ 32. Kh2 Qc2 33. a4 c5 34. Qxb7 Qxf2+ 35. Qg2 Qe1 36. Qc2+ g6 37. Qxc5 Qe2+ 38. Kg1 Qd1+ 39. Kg2 Qxb3 40. a5 Qa2+ 41. Kf3 Qb3+ 42. Kf2 Qb2+ 43. Ke1 Qb1+ 44. Kd2 Qb2+ 45. Kd3 Qb3+ 46. Qc3 Qd5+ 47. Ke3 Qd7 48. Qc4 Qa7+ 49. Kd3 Qf2 50. Qf4 Qa2 51. Qc4 Qa3+ 52. Kd4 Kg7 53. a6 Qxg3 54. Kd5 Qe3 55. Kc6 Qxe5 56. a7 Qe8+ 57. Kb6 Qd8+ 58. Qc7 Qd4+ 59. Qc5 Qd8+ 60. Kb7 Qd7+ 61. Ka6 Qa4+ 62. Kb6 Qe8 63. Qc6 Qd8+ 64. Ka6 Qd3+ 65. Kb7 Qb3+ 66. Kc8 Qh3+ 67. Kb8 Qh2+ 68. Qc7 Qb2+ 69. Kc8 Qg2 70. Qc3+ Kh7 71. Kb8 Qh2+ 72. Qc7 Qb2+ 73. Kc8 Qa3 74. Qxf7+ Kh8 75. Qe8+ Kh7 76. Qd7+ Kg8 77. Qd5+ 1-0

[Event "FIDE Women World-chT-KO 2021"]
[Site "Sitges"]
[Date "2021.09.30"]
[Round "1.1"]
[White "Ushenina, Anna"]
[Black "Sargsyan, Anna M."]
[Result "0-1"]
[ECO "D11"]
[WhiteElo "2428"]
[BlackElo "2402"]
[Annotator "ChessBase"]
[PlyCount "129"]
[EventDate "2021.09.30"]
[EventType "team-tourn"]
[EventCountry "ESP"]
[SourceTitle "playchess.com"]
[Source "ChessBase"]
[SourceQuality "1"]
[WhiteTeam "Ukraine"]
[BlackTeam "Armenia"]
[WhiteTeamCountry "UKR"]
[BlackTeamCountry "ARM"]
[TimeControl "2700+10"]

1. d4 d5 2. c4 c6 3. Nf3 Nf6 4. Qb3 dxc4 5. Qxc4 Bf5 6. g3 e6 7. Bg2 Be7 8. O-O O-O 9. e3 Nbd7 10. Rd1 Ne4 11. Qe2 Qc7 12.
Nc3 Nxc3 13. bxc3 e5 14. e4 Be6 15. Ng5 Bxg5 16. Bxg5 h6 17. Be3 Nf6 18. h3 Rad8 19.
a4 Rfe8 20. a5 b5 21. axb6 axb6 22. dxe5 Rxd1+ 23. Rxd1 Qxe5 24.
Bxb6 Qxc3 25. Bd4 Qa5 26. Rc1 Qb5 27. Qb2 Qxb2 28. Bxb2 Rc8 29. f4 c5 30. Kf2 Nd7 31. Bf1 Ra8 32. Ra1 Rb8 33. Bc3 Rb3 34.
Rc1 Nb6 35. Bd2 Rb2 36. Ke3 Rb3+ 37. Kf2 Rb2 38. Ke3 Rb3+ 39. Kf2 Rb2 40. Ke1 Na4 41. f5 Ba2 42. Bd3 Bb3 43. g4 Kf8 44.
h4 Ke7 45. g5 hxg5 46. hxg5 Kd6 47. Ke2 Nb6 48. Ke3 c4 49. Be2 Ra2 50. Bc3 g6 51. Rf1 Nd7 52. fxg6 fxg6 53. Rf7 Rc2 54. Bb4+ Kc6 55. Bg4 Ne5 56. Rf6+ Kb5 57. Bd1 Rc1 58. Bd6 Nd7 59. Be2 Rc3+ 60. Kf2 Bc2 61. Rxg6 Bxe4 62. Rg7 Nc5 63. Re7 Nd3+ 64. Bxd3 Bxd3 65. Be5 0-1

[Event "FIDE Women World-chT-KO 2021"]
[Site "Sitges"]
[Date "2021.09.30"]
[Round "1.1"]
[White "Mammadova, Gulnar"]
[Black "Batsiashvili, Nino"]
[Result "1/2-1/2"]
[ECO "C28"]
[WhiteElo "2395"]
[BlackElo "2486"]
[Annotator "ChessBase"]
[PlyCount "68"]
[EventDate "2021.09.30"]
[EventType "team-tourn"]
[EventCountry "ESP"]
[SourceTitle "playchess.com"]
[Source "ChessBase"]
[SourceQuality "1"]
[WhiteTeam "Azerbaijan"]
[BlackTeam "Georgia"]
[WhiteTeamCountry "AZE"]
[BlackTeamCountry "GEO"]
[TimeControl "2700+10"]

1. e4 e5 2. Nc3 Nf6 3. Bc4 Nc6 4. d3 Na5 5. Nge2 Nxc4 6.
dxc4 Bc5 7. Ng3 d6 8. h3 Be6 9. Qd3 h6 10. f4 exf4 11. Bxf4 Nh5 12. Nxh5 Qh4+ 13. Bg3 Qxh5 14. Ne2 Qg5 15. Bf4 Qxg2 16. O-O-O Qg6 17. Bd2 O-O-O 18. Rhf1 f6 19. Nf4 Qf7 20. b3 Rhe8 21. Kb2 Bd7 22. Bc3 Bc6 23. Rde1 Re7 24. a4 Rde8 25. Nd5 Bxd5 26. cxd5 a6 27. b4 Ba7 28. Rf4 Qg6 29. b5 axb5 30. axb5 Bb6 31. Rg4 Qh7 32. Rf4 Qg6 33. Rg4 Qh7 34. Rf4 Qg6 1/2-1/2

[Event "FIDE Women World-chT-KO 2021"]
[Site "Sitges"]
[Date "2021.09.30"]
[Round "1.1"]
[White "Kulkarni Bhakti"]
[Black "Kamalidenova, Meruert"]
[Result "0-1"]
[ECO "E70"]
[WhiteElo "2388"]
[BlackElo "2339"]
[Annotator "ChessBase"]
[PlyCount "104"]
[EventDate "2021.09.30"]
[EventType "team-tourn"]
[EventCountry "ESP"]
[SourceTitle "playchess.com"]
[Source "ChessBase"]
[SourceQuality "1"]
[WhiteTeam "India"]
[BlackTeam "Kazakhstan"]
[WhiteTeamCountry "IND"]
[BlackTeamCountry "KAZ"]
[TimeControl "2700+10"]

1. d4 Nf6 2. c4 g6 3. Nc3 Bg7 4. e4 d6 5. Bd3 O-O 6. Nge2 Nc6 7. O-O e5 8. d5 Nd4 9. Nxd4 exd4 10. Ne2 Nd7 11. Rb1 c5 12. b4 b6 13. f4 Qe7 14. Ng3 h5 15. e5 dxe5 16. f5 Qe8 17. Ne4 Nf6 18. bxc5 bxc5 19. Ba3 Ng4 20. f6 Bh6 21. Bxc5 Ne3 22. Qc1 Qa4 23. a3 Ba6 24. Bb4 Rfc8 25.
Nd6 Qd7 26. Rf3 Rd8 27. Qe1 Rab8 28. Qg3 Qg4 29. h3 Qxg3 30. Rxg3 h4 31. Rf3 Bf8 32. Rxe3 dxe3 33. Ne4 Bxb4 34. Rxb4 Rbc8 35. d6 Rd7 36. Ra4 Bb7 37. Rxa7 Bxe4 38. Rxd7 Bxd3 39. Rc7 Rxc7 40. dxc7 Bf5 41. Kf1 g5 42. Ke2 Kh7 43. Kxe3 Kg6 44. a4 Kxf6 45. a5 Bc8 46. Ke4 Ke6 47. c5 f5+ 48. Kd3 Kd5 49. Ke3 Kxc5 50.
Kd3 Bb7 51. Ke3 f4+ 52. Kf2 Kd4 0-1

[Event "FIDE Women World-chT-KO 2021"]
[Site "Sitges"]
[Date "2021.09.30"]
[Round "1.1"]
[White "Mkrtchian, Lilit"]
[Black "Muzychuk, Mariya"]
[Result "1/2-1/2"]
[ECO "D10"]
[WhiteElo "2378"]
[BlackElo "2540"]
[Annotator "ChessBase"]
[PlyCount "130"]
[EventDate "2021.09.30"]
[EventType "team-tourn"]
[EventCountry "ESP"]
[SourceTitle "playchess.com"]
[Source "ChessBase"]
[SourceQuality "1"]
[WhiteTeam "Armenia"]
[BlackTeam "Ukraine"]
[WhiteTeamCountry "ARM"]
[BlackTeamCountry "UKR"]
[TimeControl "2700+10"]

1. c4 c6 2. d4 d5 3. cxd5 cxd5 4. Bf4 Nc6 5. e3 Nf6 6. Bb5 Bf5 7. Nf3 Qb6 8. Nc3 e6 9. O-O Ne4 10. Qa4 Nxc3 11. bxc3 f6 12. Nh4 g5 13. Nxf5 gxf4 14. Nh4 fxe3 15. fxe3 Be7 16. e4 dxe4 17. Bc4 O-O-O 18. Bxe6+ Kb8 19. Rab1 Qc7 20. Nf5 Bd6 21. h3 Ne7 22. Qb3 Rhe8 23. a4 Nc6 24. Qa2 Na5 25. Bf7 Rf8 26. Bd5 Rfe8 27. Bf7 Rf8 28. Bd5 Rfe8 29. c4 e3 30. Rfe1 Bf4 31. Rb5 a6 32. Rc5 Qb6 33. Re2 Nb3 34. Qb2 Ka7 35.
a5 Qb4 36. g3 Qa4 37. gxf4 Nxc5 38. dxc5 Rxd5 39. cxd5 Rg8+ 40.
Rg2 Qd1+ 41. Kh2 Rxg2+ 42. Kxg2 Qxd5+ 43. Kg3 Qxf5 44. Qb6+ Kb8 45. Qd8+ Qc8 46. Qxc8+ Kxc8 47. Kf3 Kc7 48.
Kxe3 Kc6 49. Ke4 Kxc5 50. Kf5 b5 51. axb6 Kxb6 52. Kxf6 a5 53.
f5 a4 54. Ke7 a3 55. f6 a2 56. f7 a1=Q 57. f8=Q Qa3+ 58. Kf7 Qxh3 59. Qd6+ Kb5 60. Qd5+ Kb4 61. Kf6 Kc3 62. Kg5 Qg3+ 63. Kh5 Qg6+ 64. Kh4 Qf6+ 65. Kg4 Qd4+ 1/2-1/2

[Event "FIDE Women World-chT-KO 2021"]
[Site "Sitges"]
[Date "2021.09.30"]
[Round "1.1"]
[White "Lujan, Carolina"]
[Black "Kosteniuk, Alexandra"]
[Result "0-1"]
[ECO "C50"]
[WhiteElo "2340"]
[BlackElo "2526"]
[Annotator "ChessBase"]
[PlyCount "82"]
[EventDate "2021.09.30"]
[EventType "team-tourn"]
[EventCountry "ESP"]
[SourceTitle "playchess.com"]
[Source "ChessBase"]
[SourceQuality "1"]
[WhiteTeam "Argentina"]
[BlackTeam "Russia"]
[WhiteTeamCountry "ARG"]
[BlackTeamCountry "RUS"]
[TimeControl "2700+10"]

1. e4 e5 2. Nf3 Nc6 3. Bc4 Bc5 4. d3 Nf6 5. O-O d6 6. c3 a5 7. Nbd2 O-O 8. Re1 Be6 9. Bb5 Qb8 10. Nf1 Qa7 11. Be3 Bxe3 12. Nxe3 h6 13.
h3 Ne7 14. Ba4 Qb6 15. Qd2 Ng6 16. Bc2 a4 17. b3 axb3 18. axb3 Rxa1 19. Rxa1 d5 20. exd5 Nxd5 21. Nc4 Qc6 22. d4 Ndf4 23. Na5 Qxc3 24. Qxc3 Ne2+ 25. Kh2 Nxc3 26. dxe5 Ra8 27. Bxg6 fxg6 28. Nd4 Bd5 29. Rc1 c5 30. Rxc3 cxd4 31. Rc5 Rd8 32. Rc1 Kf7 33. Rd1 b6 34. Nc4 Bxc4 35. bxc4 Ke6 36. f4 Kf5 37. Re1 Kxf4 38. e6 d3 39. e7 Re8 40. Kg1 d2 41. Rf1+ Ke5 0-1

[Event "FIDE Women World-chT-KO 2021"]
[Site "Sitges"]
[Date "2021.09.30"]
[Round "1.1"]
[White "Mamedjarova, Turkan"]
[Black "Javakhishvili, Lela"]
[Result "0-1"]
[ECO "A40"]
[WhiteElo "2264"]
[BlackElo "2465"]
[Annotator "ChessBase"]
[PlyCount "92"]
[EventDate "2021.09.30"]
[EventType "team-tourn"]
[EventCountry "ESP"]
[SourceTitle "playchess.com"]
[Source "ChessBase"]
[SourceQuality "1"]
[WhiteTeam "Azerbaijan"]
[BlackTeam "Georgia"]
[WhiteTeamCountry "AZE"]
[BlackTeamCountry "GEO"]
[TimeControl "2700+10"]

1. d4 g6 2. c4 Bg7 3. Nc3 c5 4. d5 d6 5. Nf3 Bxc3+ 6. bxc3 f5 7. Bg5 Nd7 8. Qc2 Ngf6 9. Bh6 Qa5 10. Nd2 Ne5 11. Bg7 Rg8 12. Bxf6 exf6 13. Rb1 b6 14. e3 Bd7 15. Be2 h5 16. O-O h4 17. f4 Nf7 18.
Nf3 h3 19. g3 O-O-O 20. Rfe1 Rde8 21. Bd3 Nh6 22. e4 fxe4 23. Rxe4 Rxe4 24. Bxe4 g5 25. fxg5 fxg5 26. Rf1 Kc7 27. Nd2 Ng4 28. Rf7 Ne5 29. Re7 Kd8 30. Rh7 Rf8 31. Nf3 Rxf3 32. Bxf3 Nxf3+ 33. Kf2 Ne5 34. Qd2 Kc7 35. Re7 Qa4 36. Qe2 Kb7 37. Rg7 g4 38. Re7 Ka6 39. Rh7 Bf5 40. Rh6 Bd3 41. Qd2 Qd7 42. Rf6 Bxc4 43. Qh6 Qa4 44. Qd2 Bb5 45. Rf4 Nd3+ 46. Qxd3 Qxa2+ 0-1

[Event "FIDE Women World-chT-KO 2021"]
[Site "Sitges"]
[Date "2021.09.30"]
[Round "1.1"]
[White "Dauletova, Gulmira"]
[Black "Gomes, Mary Ann"]
[Result "0-1"]
[ECO "B41"]
[WhiteElo "2257"]
[BlackElo "2354"]
[Annotator "ChessBase"]
[PlyCount "170"]
[EventDate "2021.09.30"]
[EventType "team-tourn"]
[EventCountry "ESP"]
[SourceTitle "playchess.com"]
[Source "ChessBase"]
[SourceQuality "1"]
[WhiteTeam "Kazakhstan"]
[BlackTeam "India"]
[WhiteTeamCountry "KAZ"]
[BlackTeamCountry "IND"]
[TimeControl "2700+10"]

1. e4 c5 2. Nf3 e6 3. d4 cxd4 4. Nxd4 a6 5. c4 Nf6 6. Nc3 Qc7 7. a3 b6 8. Be3 Bb7 9. f3 Be7 10. Rc1 O-O 11. Qd2 d6 12. Be2 Nbd7 13.
O-O Rac8 14. b4 Qb8 15. Rfd1 Rfe8 16. Bf1 Bd8 17. Nb3 Bc7 18. Bf4 Ne5 19. Bxe5 dxe5 20. c5 Qa7 21. Kh1 Red8 22. Qe2 Nh5 23. Na4 Nf4 24. Qb2 b5 25. Nc3 Bc6 26. Qf2 f5 27. g3 Nh5 28. Na1 Kh8 29. Nc2 Nf6 30. Bg2 Qa8 31. Qe2 Rxd1+ 32. Rxd1 Rf8 33. Kg1 Qe8 34. Ne3 f4 35. Nf1 fxg3 36. hxg3 Qg6 37. a4 Rb8 38. axb5 Bxb5 39. Nxb5 Rxb5 40. Qc4 Qe8 41. Ra1 Qc6 42. Bh3 a5 43. Qxe6 Qxe6 44. Bxe6 Rxb4 45. Ne3 Rb5 46. Rc1 a4 47. g4 h6 48. Kf1 a3 49. Ke2 Ba5 50. Rc2 Ne8 51. Bd7 Rb2 52. Be6 Nc7 53.
Bc4 Nb5 54. Kd3 Nd4 55. Rxb2 axb2 56. Ba2 g6 57. Nc4 Bc7 58. Nxb2 Nxf3 59. Be6 Kg7 60. Ke3 Ng5 61. Bc8 Kf6 62. Nd3 Ba5 63. Nb2 Bc3 64. Na4 Bd4+ 65. Kd3 h5 66. gxh5 gxh5 67. c6 Ke7 68. Bf5 Kd6 69. Nc3 Bxc3 70. Kxc3 Kxc6 71. Kd3 h4 72. Ke3 Kc5 73. Bc8 Kc4 74. Bd7 h3 75. Kf2 Nxe4+ 76. Kg1 Ng5 77. Bc6 Kd3 78. Kh2 e4 79. Kg3 e3 80. Bb5+ Kd2 81. Ba6 e2 82. Bxe2 Kxe2 83. Kh2 Kf3 84. Kg1 Kg3 85. Kh1 Ne4 0-1

[Event "FIDE Women World-chT-KO 2021"]
[Site "Sitges"]
[Date "2021.09.30"]
[Round "1.1"]
[White "Arribas Robaina, Maritza"]
[Black "Shuvalova, Polina"]
[Result "0-1"]
[ECO "B91"]
[WhiteElo "2204"]
[BlackElo "2510"]
[Annotator "ChessBase"]
[PlyCount "116"]
[EventDate "2021.09.30"]
[EventType "team-tourn"]
[EventCountry "ESP"]
[SourceTitle "playchess.com"]
[Source "ChessBase"]
[SourceQuality "1"]
[WhiteTeam "Cuba"]
[BlackTeam "Russia"]
[WhiteTeamCountry "CUB"]
[BlackTeamCountry "RUS"]
[TimeControl "2700+10"]

1. e4 c5 2. Nf3 d6 3. Nc3 Nf6 4. d4 cxd4 5. Nxd4 a6 6. g3 e5 7. Nde2 Be7 8. Bg2 O-O 9. O-O b5 10. Bg5 Nbd7 11. a4 Bb7 12. Bxf6 Nxf6 13. axb5 axb5 14. Qd3 b4 15. Nd5 Nxd5 16. exd5 Qb6 17. Rfe1 Qc5 18. Rxa8 Rxa8 19. Nd4 Bd8 20. Nb3 Qb6 21. h4 h5 22. Nd2 Ba6 23. Qf5 g6 24. Qf3 Rc8 25. Qb3 Qd4 26. Ne4 Qb6 27. Qa4 Be7 28. Ra1 Bb7 29. Qb3 Kg7 30. Ra4 Qd4 31. c3 Qxd5 32. Rxb4 Qxb3 33. Rxb3 Bc6 34. Rb6 d5 35. Nd2 f5 36. b4 e4 37. Nb3 Be8 38.
Rb7 Kf6 39. Rb6+ Kf7 40. Nc5 Bxc5 41. bxc5 Rxc5 42. Rb3 Kf6 43. Kf1 Ke5 44. Ke2 Bb5+ 45. Kd2 Bd3 46. Rb6 d4 47. cxd4+ Kxd4 48. Rd6+ Ke5 49. Rxg6 Rc2+ 50. Ke1 Rc1+ 51. Kd2 Rg1 52. f4+ Kd4 53. Rd6+ Kc5 54. Bxe4 Bxe4 55. Rg6 Kd4 56. Rd6+ Bd5 57. Ra6 Rxg3 58. Ra4+ Bc4 0-1

[Event "FIDE Women World-chT-KO 2021"]
[Site "Sitges"]
[Date "2021.09.30"]
[Round "1.1"]
[White "Ghukasyan, Siranush"]
[Black "Buksa, Nataliya"]
[Result "1/2-1/2"]
[ECO "B31"]
[WhiteElo "2168"]
[BlackElo "2417"]
[Annotator "ChessBase"]
[PlyCount "64"]
[EventDate "2021.09.30"]
[EventType "team-tourn"]
[EventCountry "ESP"]
[SourceTitle "playchess.com"]
[Source "ChessBase"]
[SourceQuality "1"]
[WhiteTeam "Armenia"]
[BlackTeam "Ukraine"]
[WhiteTeamCountry "ARM"]
[BlackTeamCountry "UKR"]
[TimeControl "2700+10"]

1. e4 c5 2. Nf3 Nc6 3. Bb5 g6 4. Bxc6 bxc6 5. O-O Bg7 6.
Re1 Qc7 7. c3 d6 8. h3 Nf6 9. d4 cxd4 10. cxd4 O-O 11. Nc3 c5 12. e5 dxe5 13. dxe5 Rd8 14. Qe2 Nd5 15. Nxd5 Rxd5 16. Bf4 Bb7 17. Rac1 Qb6 18. Rc3 Rad8 19. Rb3 Qc6 20. Qb5 Qxb5 21. Rxb5 R8d7 22. e6 fxe6 23. Ne5 Bxe5 24. Rxe5 c4 25. Rb4 Rxe5 26. Bxe5 Bd5 27. Rb8+ Kf7 28. Rh8 h5 29. Rh7+ Kf8 30. Rh8+ Kf7 31. Rh7+ Kf8 32. Rh8+ Kf7 1/2-1/2

[Event "FIDE Women World-chT-KO 2021"]
[Site "Sitges"]
[Date "2021.09.30"]
[Round "1.2"]
[White "Abdumalik, Zhansaya"]
[Black "Harika, Dronavalli"]
[Result "0-1"]
[ECO "C92"]
[WhiteElo "2502"]
[BlackElo "2511"]
[Annotator "ChessBase"]
[PlyCount "94"]
[EventDate "2021.09.30"]
[EventType "team-tourn"]
[EventCountry "ESP"]
[SourceTitle "playchess.com"]
[Source "ChessBase"]
[SourceQuality "1"]
[WhiteTeam "Kazakhstan"]
[BlackTeam "India"]
[WhiteTeamCountry "KAZ"]
[BlackTeamCountry "IND"]
[TimeControl "2700+10"]

1. e4 e5 2. Nf3 Nc6 3. Bb5 a6 4. Ba4 Nf6 5. O-O Be7 6. Re1 b5 7. Bb3 d6 8. c3 O-O 9. h3 Bb7 10. d4 Re8 11. Ng5 Rf8 12. Nf3 Re8 13.
Nbd2 Bf8 14. a3 h6 15. Bc2 Nb8 16. a4 Nbd7 17. Bd3 c6 18. b3 g6 19. Qc2 Rc8 20. Bb2 Bg7 21. Rad1 Qc7 22. Qb1 Kh7 23. Qa1 Nh5 24. Bf1 Ra8 25. Rc1 Qb8 26. c4 exd4 27. Bxd4 Bxd4 28. Nxd4 c5 29. Nc2 bxa4 30. Qxa4 Ndf6 31. f3 Qd8 32. Ne3 Nd7 33. Nd5 Ne5 34. Rcd1 Bxd5 35. exd5 a5 36. Qa1 Qg5 37. Qc3 f5 38. Kh1 Ra7 39. Ra1 Qh4 40. Rec1 Qf2 41. Rxa5 Rae7 42. Rca1 Nf7 43. Ra7 Ng5 44. Rxe7+ Rxe7 45. Ra8 Rg7 46. Re8 Ng3+ 47. Kh2 Qxd2 0-1